 BcadrenCrawl: Boulder Brew version 0.03.2.1-27-g9e5655d (webtiles) character file.

Game seed: 11661406228826095704, levelgen mode: deterministic

146 Kalegnar the Gusty (level 5, 0/4 HPs) Fairy Air Elementalist. Began on Jan 11, 2021. Slain by a water moccasin (1 damage) ... on level 2 of the Dungeon. The game lasted 00:04:29 (903 turns).

Kalegnar the Gusty (Fairy Air Elementalist)          Turns: 903, Time: 00:04:30

Health: 0/4        AC:  0    Str:  2    XL:     5 ^: 171
Magic:  3/3        EV:  9    Int: 18    God:
Gold:   65         SH:  0    Dex: 18    Spells: 2/12 levels left

rFire    . . .     Vision   .   (no jewelry)
rCold    . . .     Gourm    .
rNeg     . . .     Faith    .
rPois    .         Spirit   .
rElec    .         Reflect  .
rCorr    .         Harm     .
MR       +....
Stlth    +.........
HPRegen  0.11/turn
MPRegen  0.13/turn

@: flying, glowing, slow
A: tiny, no armour or weapons, only one jewelry slot, no melee attacks, fairy
magic, fairy shield, fairy light, decreased potion and divine healing, slowness
1, able to fly, insubstantial
a: Stop Flying


You were on level 2 of the Dungeon.
You were not hungry.

You visited 1 branch of the dungeon, and saw 2 of its levels.

You collected 65 gold pieces.

Inventory:

Scrolls
 c - a scroll of blinking
 e - a scroll of bless item
Potions
 a - a potion of heal wounds
 d - a potion of brilliance
Comestibles
 b - 4 rations
 f - 2 chunks of flesh


   Skills:
 - Level 4.0 Dodging
 - Level 1.4 Stealth
 + Level 4.1 Spellcasting
 + Level 4.3 Air Magic


You had 2 spell levels left.
You knew the following spells:

 Your Spells              Type           Power        Failure   Level  Hunger
a - Shock                 Air            19 (25)      2%          1    None
b - Swiftness             Chrm/Air       11 (100)     9%          2    ##.....
c - Static Discharge      Air            19 (100)     8%          3    ###....
d - Airstrike             Air            19 (200)     24%         4    ####...

Your spell library contained the following spells:

 Spells                   Type           Power        Failure   Level  Hunger
 Lightning Bolt           Air            19 (200)     56%         5    ######.


Dungeon Overview and Level Annotations

Branches:
Dungeon (2/8)

Altars:

Annotations:
D:2 Menkaure


Innate Abilities, Weirdness & Mutations

You are too small to use any gear.
You can wear a single ring or amulet completely around your body.
You are incapable of melee of any kind.
Your magic reserves are extremely low but spells that normally cost one mana are free and all other spells cost one mana.
You are extremely frail but all attacks that strike you do exactly one damage.
You exude a bright light in a small radius around yourself.
The effect of potions and godly healing effects is reduced to match your tiny health and magic reserves.
You cover ground slowly.
You can fly continuously.
Your insubstantial form boosts your evasion and grants immunity to sticky flames, nets and constriction.


Message History

Menkaure is lightly damaged. (20/22) HP The zap hits Menkaure (3).
Menkaure is moderately damaged. (17/22) HP A leopard gecko comes into view.
Casting: Shock (safe; 2% risk of failure)
Confirm with . or Enter, or press ? or * to list all spells.
Aiming: Shock (safe; 2% risk of failure)
Press: ? - help, Shift-Dir - straight line The zap hits Menkaure (4).
Menkaure is heavily damaged. (13/22) HP The zap hits Menkaure (3).
Menkaure is heavily damaged. (10/22) HP The leopard gecko hisses angrily.
Menkaure hits you (18)!! The ball python bites you (1).
Menkaure hums drily.
Menkaure hits you (24)!!
* * * LOW HITPOINT WARNING * * *
The water moccasin bites you (2).
You die...

#######
.......
≈≈≈≈≈≈. ##
≈≈≈≈≈≈.#.#≈##
≈≈≈≈≈≈S@..≈.#
P≈≈≈≈≈.SM.l≈#
≈≈≈≈≈≈.##P#§≈#
P≈≈≈≈≈≈ ## ≈§#
.P≈bb≈≈ #
P≈Z;≈b≈
P≈≈≈≈≈l
≈≈≈≈≈≈≈


You could see a water moccasin, Menkaure, a cinder newt, a leopard gecko, a ball
python, a submerged cinder newt skeleton and a neutral slimehead (wandering)
(passive).

Vanquished Creatures
  6 giant cockroaches (D:1)
  A gnoll (D:1)
  2 cinder newts (D:1)
  An ooze (D:1)
  A dart slug (D:1)
  2 leopard geckos (D:1)
  4 bats (D:1)
  5 goblins (D:1)
  5 hobgoblins (D:1)
  A ball python (D:1)
  2 kobolds (D:1)
  3 rats (D:1)
33 creatures vanquished.

Notes
Turn   | Place    | Note
-------+----------+-------------------------------------------
     0 | D:1      | Kalegnar the Fairy Air Elementalist began the quest for the
                  | Orb.
     0 | D:1      | Reached XP level 1. HP: 3/3 MP: 3/3
    40 | D:1      | Reached XP level 2. HP: 2/3 MP: 2/3
    44 | D:1      | Learned a level 2 spell: Swiftness
   246 | D:1      | Reached XP level 3. HP: 4/4 MP: 3/3
   251 | D:1      | Learned a level 3 spell: Static Discharge
   399 | D:1      | Reached XP level 4. HP: 4/4 MP: 3/3
   408 | D:1      | Learned a level 4 spell: Airstrike
   846 | D:1      | Reached XP level 5. HP: 4/4 MP: 3/3
   900 | D:2      | Noticed Menkaure
   900 | D:2      | Noticed a water moccasin
   903 | D:2      | Slain by a water moccasin

Levels and vault maps discovered:
D:1:      noname_arrival_rooms_in_the_neighbourhood, layout_loops_corners
D:2:      layout_sewer, kennysheep_mini_moat, uniq_menkaure

Skill      XL: |  1  2  3  4 |
---------------+-------------+-----
Dodging        | 3 4 |  4.0
Spellcasting   | 3 4 |  4.1
Air Magic      | 4 |  4.3
Stealth        | |  1.4

Action                   |  1- 3 |  4- 6 || total
-------------------------+-------+-------++-------
 Cast: Shock             |    40 |    33 ||    73
 Abil: Fly               |     1 |       ||     1
Dodge: Dodged            |     6 |     5 ||    11
